 Dungeon Crawl Stone Soup version 0.25.1-1-g288607f5aa (webtiles) character file.

Game seed: 11718051452194011040

205 Delamore the Cudgeler (level 5, -6/32 HPs)
             Began as a Gargoyle Fighter on July 21, 2020.
             Was an Initiate of Okawaru.
             Killed from afar by Sigmund (7 damage)
             ... with a puff of flame
             ... on level 3 of the Dungeon.
             The game lasted 00:02:33 (2269 turns).

Delamore the Cudgeler (Gargoyle Fighter)            Turns: 2269, Time: 00:02:34

Health: -6/32      AC: 10    Str: 20    XL:     5   Next: 83%
Magic:  5/5        EV:  7    Int:  9    God:    Okawaru [......]
Gold:   71         SH:  9    Dex:  9    Spells: 4/4 levels left

rFire    . . .     SeeInvis .   a - +0 flail
rCold    . . .     Gourm    .   c - +0 kite shield
rNeg     + . .     Faith    .   b - +0 scale mail
rPois    ∞         Spirit   .   (no helmet)
rElec    +         Reflect  .   (no cloak)
rCorr    .         Harm     .   (no gloves)
MR       .....                  (no boots)
Stlth    ..........             (no amulet)
HPRegen  0.10/turn              (no ring)
MPRegen  0.09/turn              (no ring)

@: no status effects
A: negative energy resistance 1, electricity resistance, unbreathing,
petrification resistance, rot immunity, AC +4
a: Renounce Religion


You were on level 3 of the Dungeon.
You worshipped Okawaru.
Okawaru was noncommittal.
You were not hungry.

You visited 1 branch of the dungeon, and saw 3 of its levels.

You collected 71 gold pieces.

Inventory:

Hand Weapons
 a - a +0 flail (weapon)
Missiles
 q - 5 javelins (quivered)
Armour
 b - a +0 scale mail (worn)
 c - a +0 kite shield (worn)
Scrolls
 h - a scroll of magic mapping {unknown}
 i - 3 scrolls of identify {unknown}
 j - a scroll of random uselessness {unknown}
 k - 3 scrolls of remove curse {unknown}
 p - a scroll of fear {unknown}
 r - a scroll of fog {unknown}
Potions
 d - 2 potions of might
 e - 2 potions of brilliance {unknown}
 g - a potion of degeneration {unknown}
 l - 2 potions of mutation {unknown}
 m - a potion of curing {unknown}
 o - a potion of flight {unknown}
Comestibles
 f - 8 rations


   Skills:
 - Level 3.2 Fighting
 + Level 5.9 Maces & Flails
 - Level 3.2 Armour
 - Level 3.2 Shields


You had 4 spell levels left.
You didn't know any spells.
Your spell library was empty.

Dungeon Overview and Level Annotations

Branches:
Dungeon (3/15)

Altars:
Ashenzari
Okawaru

Annotations:
D:3 Sigmund


Innate Abilities, Weirdness & Mutations

You are resistant to torment.
Your stone body is resilient. (AC +4)
You are immune to poison.
You resist negative energy. (rN+)
You are resistant to electric shocks. (rElec)
You can survive without breathing.
You are immune to petrification.
You are immune to rotting.


Message History

* * * LOW HITPOINT WARNING * * *
You feel less confused.
You miss something. You block something's attack.
You miss something. You block something's attack.
You closely miss something. Something hits you.
* * * LOW HITPOINT WARNING * * *
You hear some strange, mumbled words.
You are confused.
You bump into the rock wall.
You bump into the rock wall.
Something hits you but does no damage.
You bump into the rock wall.
You bump into the rock wall.
You feel less confused. Something hits you.
* * * LOW HITPOINT WARNING * * *
You hear some strange, mumbled words.
Something tries to affect you, but you resist.
A puff of flame appears from out of thin air!
The puff of flame hits you!
You die...

#.######## #.# #....{...
#.# # ######### #.# # #.#
# #.# ###.# #.# ..... #.#
###.####################.#
....#...........@...{....#
....#.####################
##.##.# ......# ##)##.#
...##.# ##.##.# ######


There were no monsters in sight!

Vanquished Creatures
  A quasit (D:2)
  A worker ant zombie (D:2)
  4 adders (D:2)
  4 oozes (D:1)
  3 adder zombies (D:2)
  2 adder skeletons (D:2)
  4 worms (D:1)
  2 dart slugs
  A leopard gecko (D:1)
  3 bats
  2 bat skeletons (D:2)
  3 bat zombies (D:2)
  5 giant cockroaches
  5 goblins (D:2)
  6 hobgoblins
  10 jackals (D:2)
  7 kobolds
  2 frilled lizards
  A quokka skeleton (D:2)
  A quokka zombie (D:2)
  12 rats
79 creatures vanquished.

Notes
Turn   | Place    | Note
-------+----------+-------------------------------------------
     0 | D:1      | Delamore the Gargoyle Fighter began the quest for the Orb.
     0 | D:1      | Reached XP level 1. HP: 14/14 MP: 1/1
     1 | D:1      | Found a runed translucent door.
    49 | D:1      | Reached XP level 2. HP: 19/19 MP: 2/2
   187 | D:1      | Reached skill level 3 in Maces & Flails
   680 | D:1      | Reached XP level 3. HP: 23/23 MP: 3/3
   706 | D:1      | Reached skill level 4 in Maces & Flails
   725 | D:1      | Reached XP level 4. HP: 15/28 MP: 4/4
  1282 | D:2      | Reached skill level 5 in Maces & Flails
  1282 | D:2      | Reached XP level 5. HP: 28/32 MP: 5/5
  1418 | D:2      | Found an iron altar of Okawaru.
  1428 | D:2      | Became a worshipper of Warmaster Okawaru
  2181 | D:3      | Found a shattered altar of Ashenzari.
  2188 | D:3      | Noticed Sigmund
  2252 | D:3      | HP: 1/32 [something (5)]
  2267 | D:3      | HP: 1/32 [something (1)]
  2269 | D:3      | Killed from afar by Sigmund

Illustrated notes

Levels and vault maps discovered:
D:1:      dpeg_arrival_caged_fury, layout_loops_ring
D:2:      minmay_diamond_boxcup, layout_loops_ring, kennysheep_okawaru_gauntlet,
          first_ration, serial_undead, serial_undead_a, serial_undead_b,
          serial_undead_f, serial_undead_d, serial_undead_b, serial_undead_b,
          serial_undead_f, serial_undead_a, serial_undead_e, serial_undead_d,
          chequers_serial_rivers_micro_d
D:3:      minmay_octagon_keep, layout_basic, grunt_temple_overflow_open,
          evilmike_ruin_ashenzari, chequers_serial_rivers_room_b, uniq_sigmund,
          uniq_ijyb

Skill      XL: |  1  2  3  4 |
---------------+-------------+-----
Maces & Flails | 3 4 5 |  5.9
Fighting       | |  3.2
Armour         | |  3.2
Shields        | |  3.2

Action                   |  1- 3 |  4- 6 || total
-------------------------+-------+-------++-------
Melee: Flail             |    89 |   261 ||   350
Throw: Javelin           |       |     1 ||     1
  Eat: Chunk             |       |     5 ||     5
Armor: Scale mail        |    34 |   294 ||   328
Dodge: Dodged            |    26 |   162 ||   188
Block: Kite shield       |    43 |   231 ||   274
